 Dungeon Crawl Stone Soup version 0.30-a0-393-g54b8e3be05 (webtiles) character file.

Game seed: 4143164951224392242

95 zishaf the Gusty (level 4, -1/26 HPs)
             Began as a Tengu Air Elementalist on Dec 5, 2022.
             Killed from afar by an orc wizard (13 damage)
             ... with a puff of flame
             ... on level 3 of the Dungeon.
             The game lasted 00:03:09 (2325 turns).

zishaf the Gusty (Tengu Air Elementalist)           Turns: 2325, Time: 00:03:10

Health: -1/26      AC:  4    Str: 15    XL:     4   Next: 65%
Magic:  2/8        EV: 12    Int: 17    God:
Gold:   98         SH:  0    Dex: 14    Spells: 0/7 levels left

rFire   . . .      SeeInvis .    p - +3 dagger (venom)
rCold   . . .      Faith    .    (no shield)
rNeg    . . .      Spirit   .    d - +2 robe {Will+}
rPois   .          Reflect  .    (helmet restricted)
rElec   .          Harm     .    (no cloak)
rCorr   .          Rampage  .    (no gloves)
Will    ++...                    (boots unavailable)
Stlth   ++........               (no amulet)
HPRegen 0.24/turn                a - +6 ring of strength
MPRegen 0.11/turn                s - ring of willpower

@: no status effects
A: beak, talons 3
a: no special abilities


You were on level 3 of the Dungeon.
You visited 1 branch of the dungeon, and saw 3 of its levels.

You collected 173 gold pieces.
You spent 75 gold pieces at shops.

Inventory:

Hand Weapons
 p - a +3 dagger of venom (weapon)
Armour
 d - a +2 robe of willpower (worn)
Jewellery
 a - a +6 ring of strength (left hand)
 s - a ring of willpower (right hand)
Scrolls
 e - a scroll of brand weapon {unknown}
 f - a scroll of noise {unknown}
 g - a scroll of acquirement {unknown}
 h - 2 scrolls of enchant weapon
 i - a scroll of teleportation {unknown}
 j - a scroll of torment {unknown}
 k - 2 scrolls of magic mapping {unknown}
 l - a scroll of enchant armour {unknown}
 m - a scroll of poison {unknown}
 n - a scroll of summoning {unknown}
 o - a scroll of immolation {unknown}
 r - a scroll of vulnerability {unknown}
 u - a scroll of amnesia {unknown}
Potions
 b - a potion of magic
 c - a potion of curing {unknown}
 q - a potion of brilliance {unknown}
 t - a potion of haste {unknown}


   Skills:
 + Level 1.8 Fighting
 - Level 2.1 Dodging
 - Level 2.0 Stealth
 - Level 2.0 Spellcasting
 + Level 2.9 Conjurations
 * Level 5.7 Air Magic


You couldn't memorise any spells.
You knew the following spells:

 Your Spells              Type           Power      Damage    Failure   Level
a - Shock                 Conj/Air       64%        1d7       3%          1
b - Airstrike             Air            10%        2d(2-18)  19%         4
A - Static Discharge      Conj/Air       32%        2-4/arc   4%          2

Your spell library contained the following spells:

 Spells                   Type           Power      Damage    Failure   Level
 Swiftness                Air            21%        N/A       5%          3
 Gell's Gravitas          Tloc           1%         N/A       50%         3
 Lesser Beckoning         Tloc           2%         N/A       50%         3
 Teleport Other           Tloc           1%         N/A       50%         3
 Freezing Cloud           Conj/Ice/Air   5%         6-21      86%         5
 Simulacrum               Ice/Necr       0%         N/A       100%        6
 Polar Vortex             Ice            0%         N/A       100%        9


Dungeon Overview and Level Annotations

Branches:
Dungeon (3/15)

Altars:

Shops:
D:1 ?


Innate Abilities, Weirdness & Mutations

You have a beak for a mouth.
You have claws for feet.


Message History

The orc is struck by an arc of lightning.
You kill the orc!
The ball python is struck by an arc of lightning.
You kill the ball python!
Something is struck by an arc of lightning.
The lightning grounds out.
You closely miss something. You peck something. Something hits you.
You miss something. Something hits you.
Casting: Static Discharge (safe; 4% risk of failure)
Confirm with . or Enter, or press ? or * to list all spells.
You can't see any susceptible monsters within range! (Use Z to cast anyway.)
Casting: Static Discharge (safe; 4% risk of failure)
Confirm with . or Enter, or press ? or * to list all spells.
Aiming: Shock (safe; 3% risk of failure)
Press: ? - help, Shift-Dir - straight line, f - orc
Aim: an orc, wielding a +0 dagger and wearing a +0 leather armour (71% to hit)
Okay, then.
Casting: Shock (safe; 3% risk of failure)
Confirm with . or Enter, or press ? or * to list all spells.
Something is struck by an arc of lightning.
The orc is struck by an arc of lightning.
The orc is moderately wounded.
The lightning grounds out.
Something completely misses you.
Casting: Static Discharge (safe; 4% risk of failure)
Confirm with . or Enter, or press ? or * to list all spells.
Something is struck by an arc of lightning.
The orc is struck by an arc of lightning.
The orc is severely wounded.
The rat is struck by an arc of lightning.
The rat is severely wounded.
The orc is struck by an arc of lightning.
You kill the orc!
The lightning grounds out.
Something hits you.
You closely miss something. Something hits you.
You closely miss something. Your kick misses something.
You hear some strange, mumbled words.
A puff of flame appears from out of thin air!
The puff of flame hits you!
Ouch! That really hurt!
You die...

###################
#..................
##.################ #######
#.################ .......
#@#.............## .......
#{#.###########.##
.......####r#<....# #.##
......r.....#.....# #.##
..#.............#######.##
..................+.........
..................#######...
.....#####........# #...
####. #....##.## #...


You could see a rat.

Vanquished Creatures
  3 adders (D:2)
  2 worms
  A dart slug (D:2)
  3 orcs (D:3)
  7 ball pythons
  3 bats
  2 endoplasms
  2 giant cockroaches
  4 goblins
  2 hobgoblins
  4 jackals (D:2)
  A quokka (D:2)
  2 frilled lizards
  7 kobolds
  16 rats
59 creatures vanquished.

Notes
Turn   | Place    | Note
-------+----------+-------------------------------------------
     0 | D:1      | zishaf the Tengu Air Elementalist began the quest for the
                  | Orb.
     0 | D:1      | Reached XP level 1. HP: 10/10 MP: 4/4
   237 | D:1      | Reached XP level 2. HP: 16/16 MP: 0/6
   311 | D:1      | Learned a level 2 spell: Static Discharge
   390 | D:1      | Found Riommif's Magic Scroll Shop.
   538 | D:1      | Reached skill level 1 in Fighting
   780 | D:1      | Bought a scroll of enchant weapon for 75 gold pieces
   824 | D:1      | Reached XP level 3. HP: 18/20 MP: 7/7
  1372 | D:2      | Reached skill level 5 in Air Magic
  1825 | D:2      | Reached XP level 4. HP: 25/25 MP: 8/8
  1831 | D:2      | Learned a level 4 spell: Airstrike
  2325 | D:3      | Killed from afar by an orc wizard

Illustrated notes

Levels and vault maps discovered:
D:1:      dpeg_arrival_rooms_with_view, layout_basic, serial_shops, shop,
          minmay_rat_gold_closets
D:2:      layout_loops_ring, grunt_ministairs_11
D:3:      gammafunk_wand_slinger, layout_basic,
          minmay_overflow_temple_star_quad, uniq_ijyb

Skill      XL: |  1  2  3 |
---------------+----------+-----
Conjurations   | 2 |  2.9
Fighting       | 1 |  1.8
Air Magic      | 5 |  5.7
Dodging        | |  2.1
Stealth        | |  2.0
Spellcasting   | |  2.0

Action                   |  1- 3 |  4- 6 || total
-------------------------+-------+-------++-------
Melee: Dagger            |    53 |    33 ||    86
       Peck              |     6 |     4 ||    10
       Kick              |     7 |    10 ||    17
       Punch             |     1 |       ||     1
 Cast: Shock             |    34 |     1 ||    35
       Static Discharge  |     2 |     3 ||     5
 Stab: Sleeping          |     6 |     3 ||     9
Armor: Robe              |    16 |    18 ||    34
Dodge: Dodged            |    37 |    25 ||    62

Table legend: (Time is in decaauts)
 A = Elapsed time spent in this place.
 B = Non-inter-level travel time spent in this place.
 C = Inter-level travel time spent in this place.
 D = Time resting spent in this place.
 E = Time spent auto-exploring this place.
 F = Levels seen in this place.
 G = Mean time per level.
                   A        B        C        D        E       F      G
               +--------+--------+--------+--------+--------+-----+--------+
         Total |   2322 |   2179 |    143 |      0 |   1813 |   3 |  774.0 |
       Dungeon |   2322 |   2179 |    143 |      0 |   1813 |   3 |  774.0 |
               +--------+--------+--------+--------+--------+-----+--------+

Top non-repeatable levels by time:
     D:1: 1243 daAuts
     D:2: 887 daAuts
     D:3: 191 daAuts
